 Dungeon Crawl Stone Soup version 0.30-a0-777-ga9a30cbeda (webtiles) character file.

Game seed: 3190578229517262585

8840 Crownlay the Dealer of Despair (level 11, -5/81 HPs)
             Began as a Demonspawn Necromancer on Feb 13, 2023.
             Was an Elder of Kikubaaqudgha.
             Shot with a bolt by a yaktaur (23 damage)
             ... on level 10 of the Dungeon.
             The game lasted 00:28:40 (11127 turns).

Crownlay the Dealer of Despair (DsNe)              Turns: 11127, Time: 00:28:41

Health: -5/81      AC:  7    Str:  9    XL:     11   Next: 15%
Magic:  3/22       EV: 12    Int: 22    God:    Kikubaaqudgha [****..]
Gold:   456        SH:  4    Dex: 19    Spells: 5/25 levels left

rFire   . . .      SeeInvis .    y - +7 rapier "Layth" {freeze, rCorr Str+3 Stlth-}
rCold   . . .      Faith    .    (no shield)
rNeg    . . .      Spirit   .    J - +0 steam dragon scales
rPois   +          Reflect  .    (helmet unavailable)
rElec   .          Harm     .    C - +0 cloak
rCorr   +          Rampage  .    k - +0 pair of gloves
Will    .....                    (no boots)
Stlth   +                        (no amulet)
HPRegen 1.13/turn                z - +6 ring of dexterity
MPRegen 0.18/turn                v - ring of poison resistance

@: animating dead
A: horns 3, large bone plates 1, demonic magic 3, regeneration 1, weak 1, wild
magic 1
a: Renounce Religion, Unearth Wretches


You were on level 10 of the Dungeon.
You worshipped Kikubaaqudgha.
Kikubaaqudgha was greatly pleased with you.
You visited 2 branches of the dungeon, and saw 11 of its levels.
You also visited: Ossuary.

You collected 630 gold pieces.
You spent 174 gold pieces at shops.

Inventory:

Hand Weapons
 y - the +7 rapier "Layth" (weapon) {freeze, rCorr Str+3 Stlth-}
   (You took it off a kobold brigand on level 8 of the Dungeon)

   Str:       It affects your strength (+3).
   rCorr:     It protects you from acid and corrosion.
   Stlth:     It makes you less stealthy.
Armour
 k - a +0 pair of gloves (worn)
 C - a +0 cloak (worn)
 E - a +0 robe of fire resistance
 J - +0 steam dragon scales (worn)
Jewellery
 c - a ring of protection from cold
 o - a ring of fire
 v - a ring of poison resistance (right hand)
 z - a +6 ring of dexterity (left hand)
 B - a ring of fire
 F - a ring of resist corrosion
 H - a ring of ice
Wands
 d - a wand of polymorph (17)
 i - a wand of acid (18)
 q - a wand of mindburst (10)
 w - a wand of flame (13)
 x - a wand of roots (8)
 K - a wand of charming (3)
Scrolls
 f - a scroll of poison
 g - a scroll of enchant armour
 j - 4 scrolls of teleportation
 m - 2 scrolls of immolation
 n - a scroll of amnesia
 p - a scroll of magic mapping
 u - a scroll of blinking
 A - 3 scrolls of fog
 D - a scroll of silence
Potions
 a - 2 potions of degeneration {unknown}
 b - 5 potions of magic
 e - a potion of resistance {unknown}
 h - 3 potions of attraction
 l - a potion of might {unknown}
 r - 5 potions of mutation
 s - a potion of brilliance
 t - a potion of haste
 G - 2 potions of curing
 I - a potion of berserk rage {unknown}


   Skills:
 - Level 6.0 Fighting
 - Level 1.7 Dodging
 - Level 1.7 Stealth
 + Level 7.5 Spellcasting
 + Level 6.8 Conjurations
 + Level 1.6 Summonings
 * Level 12.2 Necromancy
 * Level 5.8 Earth Magic


You had 5 spell levels left.
You knew the following spells:

 Your Spells              Type           Power      Damage    Failure   Level
a - Necrotise             Necr           100%       1d9       1%          1
b - Animate Dead          Necr           69%        N/A       1%          4
c - Borgnjor's Vile Clut  Necr/Erth      29%        N/A       9%          5
d - Death Channel         Necr           34%        N/A       12%         6
e - Anguish               Hex/Necr       22%        N/A       10%         4

Your spell library contained the following spells:

 Spells                   Type           Power      Damage    Failure   Level
 Sublimation of Blood     Necr           69%        N/A       1%          2
 Vampiric Draining        Necr           69%        2d10      1%          3
 Agony                    Necr           69%        N/A       2%          5
 Cigotuvi's Dreadful Rot  Necr/Pois/Air  68%        N/A       4%          2
 Momentum Strike          Conj/Tloc      60%        3d9       5%          2
 Dazzling Flash           Conj/Hex       60%        N/A       10%         3
 Mephitic Cloud           Conj/Pois/Air  23%        N/A       13%         3
 Blink                    Tloc           20%        N/A       17%         2
 Lesser Beckoning         Tloc           20%        N/A       17%         2
 Poisonous Vapours        Pois/Air       20%        N/A       17%         2
 Iskenderun's Mystic Bla  Conj/Tloc      30%        2d8       26%         4
 Swiftness                Air            10%        N/A       32%         3
 Tukima's Dance           Hex            10%        N/A       32%         3
 Cause Fear               Hex            5%         N/A       69%         4
 Passage of Golubria      Tloc           10%        N/A       69%         4
 Yara's Violent Unravell  Hex/Tmut       5%         3d4       95%         5
 Simulacrum               Ice/Necr       22%        N/A       75%         6
 Starburst                Conj/Fire      15%        6d6       98%         6
 Haunt                    Necr/Summ      25%        N/A       99%         7
 Dragon Form              Tmut           5%         N/A       100%        7
 Dragon's Call            Summ           10%        N/A       100%        9


Dungeon Overview and Level Annotations

Branches:
Dungeon (10/15)            Temple (1/1) D:5         Ossuary (visited)
   Lair: D:8-11         Orc: D:9-12

Altars:
Ashenzari
Cheibriados
Dithmenos
Fedhas
Gozag
Hepliaklqana
Kikubaaqudgha
Makhleb
Nemelex Xobeh
Okawaru
Qazlal
Ru
Sif Muna
Trog
Uskayaw
Vehumet
Wu Jian
Xom
Yredelemnul

Shops:
D:1 ?   D:6 ***=   D:8 [

Annotations:
D:10 3 runed translucent doors


Innate Abilities, Weirdness & Mutations

You have a pair of large horns on your head.
You are partially covered in large bone plates. (SH +4)
Spells you cast and wands you use may paralyse nearby enemies.
Your natural rate of healing is unusually fast.
You are weak. (Str -2)
Your spells are a little harder to cast, but a little more powerful.


Message History

The bolt hits your yak zombie!!
Your yak zombie is destroyed!
You block the kobold's attack.
Items here: )) [ †.
You closely miss the kobold.
You headbutt the kobold, but do no damage.
You punch the kobold, but do no damage. The kobold barely misses you.
The yaktaur shoots a bolt.
The bolt barely misses you.
You closely miss the kobold. You block the kobold's attack.
The yaktaur shoots a bolt.
The bolt barely misses you.
You puncture the kobold! You freeze the kobold.
You kill the kobold!
Kikubaaqudgha accepts your kill.
The yaktaur shoots a bolt.
The bolt hits you!
Casting: Borgnjor's Vile Clutch (dangerous; 9% risk of failure)
Confirm with . or Enter, or press ? or * to list all spells.
You call upon the dead to rise.
Malevolent energies surge around you.
The kobold brigand hits you but does no damage.
The yaktaur shoots a bolt.
The bolt hits you!!
You hit the kobold brigand. You freeze the kobold brigand.
The kobold brigand is lightly wounded.
The kobold brigand hits you with a +0 dagger.
The yaktaur shoots a bolt.
The bolt hits you!!
* * * LOW HITPOINT WARNING * * *
The kobold brigand hits you with a +0 dagger.
* * * LOW HITPOINT WARNING * * *
Okay, then.
Okay, then.
Casting: Animate Dead (mildly dangerous; 1% risk of failure)
Confirm with . or Enter, or press ? or * to list all spells.
Aiming: Borgnjor's Vile Clutch (dangerous; 9% risk of failure)
Press: ? - help, Shift-Dir - straight line, f - yaktaur
Aim: a yaktaur, wielding a +0 arbalest (100% to hit)
Zombie hands grab the yaktaur.
Malevolent energies surge around you.
The kobold brigand suddenly stops moving!
The zombie hands constrict the yaktaur!
The yaktaur shoots a bolt.
The bolt hits you!!
You die...
Kikubaaqudgha rasps: "You have failed me!
Welcome... death!"

###.##.)## #.####.[.##
#.# #....# #.# #..[.#
#.# #Z.#.# #.# #..#.'.
#.####..#.#.#
#########...cW..#.##.#
....).K@...###....# ##
.....####..# #........
... #..# #...####. # .
#..# #...# #..# #...#
#..# #...# #..# #...#
#..#


You could see a yaktaur (clutched), a wraith and a kobold brigand (paralysed).

Vanquished Creatures
  A centaur warrior (D:4)
  A two-headed ogre (D:8)
  2 kobold demonologists (D:10)
  A hornet (D:9)
  Sigmund (D:5)
  9 yaks
  A wyvern (D:8)
  2 steam dragons
  Edmund (D:4)
  An ice beast (D:6)
  2 orc warriors (D:8)
  A black bear (D:4)
  2 sky beasts (D:8)
  2 ogres
  4 centaurs
  A phantom (D:6)
  3 kobold brigands
  A necrophage (D:5)
  2 bullfrogs (D:8)
  2 gnoll sergeants (D:8)
  A scorpion (D:7)
  4 water moccasin zombies (Ossuary)
  2 wights (D:9)
  7 howler monkeys
  7 hounds
  A jelly (D:5)
  11 orc priests
  Crazy Yiuf (D:3)
  2 gnoll boudas
  3 iguanas
  9 orc wizards
  2 mummies (Ossuary)
  Robin (D:2)
  19 gnolls
  6 adders
  3 white imps (D:7)
  4 adder zombies (Ossuary)
  3 worms
  4 dart slugs
  36 orcs
  6 ball pythons
  6 endoplasms
  3 giant cockroaches
  3 gnoll zombies (Ossuary)
  10 hobgoblins
  4 quokkas
  4 bats
  2 frilled lizards (D:1)
  9 goblins
  8 hobgoblin zombies (Ossuary)
  17 kobolds
  6 kobold zombies (Ossuary)
  5 orc zombies (Ossuary)
  3 rats
252 creatures vanquished.

Vanquished Creatures (collateral kills)
  A two-headed ogre (D:9)
  2 wraiths (D:10)
  Eustachio (D:4)
  3 yaks (D:10)
  An orc warrior (D:8)
  A wight (D:9)
  2 killer bees (D:10)
  An orc wizard (D:8)
  A dart slug (D:4)
  2 orcs
  2 goblins (D:2)
  A hobgoblin (D:4)
  A kobold (D:4)
  A ball python (D:2)
  A rat (D:2)
21 creatures vanquished.

Vanquished Creatures (others)
  A two-headed ogre zombie (D:9)
  6 yak zombies
  4 killer bees (D:10)
  A centaur zombie (D:9)
  2 ogre zombies
  A sky beast zombie (D:8)
  A hound zombie (D:4)
  2 howler monkey zombies (D:8)
  An orc (D:4)
  7 gnoll zombies
  A ball python zombie (D:3)
  14 orc zombies
41 creatures vanquished.

Grand Total: 314 creatures vanquished

Notes
Turn   | Place    | Note
-------+----------+-------------------------------------------
     0 | D:1      | Crownlay the Demonspawn Necromancer began the quest for the
                  | Orb.
     0 | D:1      | Reached XP level 1. HP: 13/13 MP: 3/3
   420 | D:1      | Gained mutation: Spells you cast may paralyse adjacent
                  | enemies. [demonic ancestry]
   420 | D:1      | Reached XP level 2. HP: 19/19 MP: 0/5
   535 | D:1      | Found Sugegide's Magic Scroll Emporium.
   618 | D:1      | Reached skill level 5 in Necromancy
  1171 | D:1      | Bought a scroll of teleportation for 30 gold pieces
  1369 | D:2      | Gained mutation: You are partially covered in large bone
                  | plates. (SH +4) [demonic ancestry]
  1369 | D:2      | Reached XP level 3. HP: 24/24 MP: 4/6
  1393 | D:2      | Noticed Robin
  1411 | D:2      | Killed Robin
  1873 | D:2      | Reached skill level 6 in Necromancy
  2141 | D:3      | Gained mutation: Spells you cast may paralyse nearby
                  | enemies. [demonic ancestry]
  2141 | D:3      | Reached XP level 4. HP: 30/30 MP: 3/7
  2244 | D:3      | You fall into a shaft and drop 3 floors!
  2332 | D:6      | Learned a level 4 spell: Animate Dead
  2423 | D:6      | Noticed a phantom
  2456 | D:6      | Killed a phantom
  2457 | D:6      | Reached skill level 7 in Necromancy
  2457 | D:6      | Gained mutation: You have a pair of small horns on your
                  | head. [demonic ancestry]
  2457 | D:6      | Reached XP level 5. HP: 22/35 MP: 8/8
  2553 | D:6      | Reached skill level 8 in Necromancy
  2558 | D:6      | Reached XP level 6. HP: 9/41 MP: 1/9
  2688 | D:6      | Found Aphouschi's Jewellery Emporium.
  2704 | D:6      | Noticed an ice beast
  2717 | D:6      | Killed an ice beast
  2805 | D:5      | Entered Level 5 of the Dungeon
  2908 | D:5      | Reached skill level 9 in Necromancy
  3073 | D:5      | Found a staircase to the Ecumenical Temple.
  3089 | Temple   | Entered the Ecumenical Temple
  3198 | Temple   | Became a worshipper of Kikubaaqudgha
  3341 | D:4      | Reached XP level 7. HP: 39/44 MP: 4/10
  3564 | D:4      | Found a sand-covered staircase.
  3573 | Ossuary  | Entered an ossuary
  3608 | Ossuary  | Reached skill level 10 in Necromancy
  3622 | Ossuary  | Reached skill level 1 in Fighting
  3979 | Ossuary  | Reached * piety under Kikubaaqudgha
  3979 | Ossuary  | Received a gift from Kikubaaqudgha
  4364 | Ossuary  | Identified the +4 rapier of No Interval {pain, +Blink
                  | Str+6}
  4391 | D:4      | Noticed Eustachio
  4407 | D:4      | Gained mutation: Spells you cast and wands you use may
                  | paralyse nearby enemies. [demonic ancestry]
  4407 | D:4      | Reached XP level 8. HP: 17/57 MP: 7/13
  4425 | D:4      | Gained mutation: You are weak. (Str -2) [potion of
                  | mutation]
  4425 | D:4      | Gained mutation: Your natural rate of healing is unusually
                  | fast. [potion of mutation]
  4425 | D:4      | Gained mutation: Your spells are a little harder to cast,
                  | but a little more powerful. [potion of mutation]
  4435 | D:4      | Killed Eustachio
  4593 | D:3      | Found a hazy altar of Hepliaklqana.
  4780 | D:3      | Reached skill level 1 in Conjurations
  4945 | D:3      | Found a runed translucent door.
  4946 | D:3      | Noticed Crazy Yiuf
  5495 | D:3      | Killed Crazy Yiuf
  5700 | D:4      | Found an opulent altar of Gozag.
  5889 | D:4      | Noticed Edmund
  5904 | D:4      | Killed Edmund
  5904 | D:4      | Reached ** piety under Kikubaaqudgha
  6049 | D:5      | Reached skill level 5 in Spellcasting
  6485 | D:5      | Got the Tome of Classification
  6589 | D:5      | Noticed Sigmund
  6596 | D:5      | Killed Sigmund
  7075 | D:6      | Found Apremmem's Specific Store.
  7079 | D:6      | Found Ryda's General Store.
  7088 | D:6      | Bought a scroll of fog for 56 gold pieces
  7088 | D:6      | Bought a scroll of identify for 28 gold pieces
  7108 | D:6      | Found a burning altar of Makhleb.
  7110 | D:6      | Found a snail-covered altar of Cheibriados.
  7154 | D:6      | Found Bucrotic's Fire Supplies.
  7163 | D:6      | Bought a scroll of immolation for 60 gold pieces
  7356 | D:7      | Reached XP level 9. HP: 65/65 MP: 10/17
  7907 | D:7      | Reached *** piety under Kikubaaqudgha
  7907 | D:7      | Received a gift from Kikubaaqudgha
  7914 | D:7      | Learned a level 5 spell: Borgnjor's Vile Clutch
  8433 | D:8      | Reached skill level 1 in Earth Magic
  8557 | D:8      | Reached skill level 5 in Conjurations
  8694 | D:8      | Noticed a two-headed ogre
  8713 | D:8      | Killed a two-headed ogre
  8748 | D:8      | Gained mutation: You have a pair of horns on your head.
                  | [demonic ancestry]
  8748 | D:8      | Reached XP level 10. HP: 69/73 MP: 12/20
  8749 | D:8      | Identified the +7 rapier "Layth" {freeze, rCorr Str+3
                  | Stlth-}
  8751 | D:8      | Reached skill level 5 in Fighting
  8929 | D:8      | Reached skill level 11 in Necromancy
  9308 | D:8      | Found Koeg's Armour Shop.
  9473 | D:9      | Noticed a two-headed ogre
  9489 | D:9      | Killed a two-headed ogre
  9515 | D:8      | Reached **** piety under Kikubaaqudgha
  9914 | D:9      | Reached skill level 5 in Earth Magic
 10747 | D:10     | Entered Level 10 of the Dungeon
 10752 | D:10     | Noticed a catoblepas
 10929 | D:10     | HP: 2/76 [wraith (7)]
 10931 | D:10     | Reached skill level 12 in Necromancy
 10936 | D:10     | Gained mutation: You have a pair of large horns on your
                  | head. [demonic ancestry]
 10936 | D:10     | Reached XP level 11. HP: 44/81 MP: 17/22
 10937 | D:10     | Reached skill level 1 in Summonings
 11014 | D:10     | Learned a level 6 spell: Death Channel
 11019 | D:10     | Learned a level 4 spell: Anguish
 11027 | D:10     | Found a runed translucent gate.
 11028 | D:10     | Found a runed translucent gate.
 11028 | D:10     | Found a runed translucent gate.
 11029 | D:10     | Noticed a white ugly thing
 11029 | D:10     | Noticed a wolf spider
 11030 | D:10     | Noticed a glowing orange brain
 11030 | D:10     | Noticed a green ugly thing
 11030 | D:10     | Noticed a brown ugly thing
 11031 | D:10     | Noticed a purple ugly thing
 11031 | D:10     | Noticed a cyan ugly thing
 11033 | D:10     | a wolf spider changed into a shining eye
 11033 | D:10     | Noticed a shining eye (glowing shapeshifter)
 11038 | D:10     | a shining eye changed into a cyclops
 11055 | D:10     | a cyclops changed into a mana viper
 11055 | D:10     | Noticed a mana viper (glowing shapeshifter)
 11056 | D:10     | a mana viper changed into a glowing shapeshifter
 11056 | D:10     | Noticed a glowing shapeshifter (glowing shapeshifter)
 11057 | D:10     | a glowing shapeshifter changed into a lindwurm
 11057 | D:10     | Noticed a lindwurm (glowing shapeshifter)
 11127 | D:10     | Shot with a bolt by a yaktaur

Illustrated notes

Levels and vault maps discovered:
D:1:      lemuel_arrival_cross, layout_basic, serial_shops, nicolae_diamond_shop
D:2:      layout_basic, kennysheep_generic_room_4, uniq_robin
D:3:      layout_loops_cross, old_standard_altar, cheibrodos_sewer_entry_drain,
          serial_forest, infiniplex_forest_lined_room_,
          infiniplex_forest_corner_2, infiniplex_forest_straight_2,
          infiniplex_forest_lined_room_, infiniplex_forest_end_1,
          infiniplex_forest_join, infiniplex_forest_lined_2,
          minmay_strange_pillars, serial_park_tiny_1,
          amcnicky_mini_rare_corridor_liquid, kennysheep_orc_chapel,
          uniq_crazy_yiuf_cottage
D:4:      layout_basic, mainiacjoe_overflow_brackets, lemuel_doored_altar,
          nicolae_ossuary_entry_monument, st_stairs_6, minmay_checkerbox,
          uniq_eustachio, uniq_edmund
D:5:      layout_basic, minmay_temple_entry_slanted, uniq_sigmund
D:6:      layout_cave_pools, grunt_temple_overflow_open, serial_shops, shop,
          nicolae_shop_fire_sale [nicolae_sub_dead_trees], dk_noncrumbling_2,
          nicolae_specific_store
D:7:      layout_layer_cave
D:8:      layout_gridville, serial_shops, nicolae_take_the_stairs,
          kennysheep_kite_vault
D:9:      layout_basic, grunt_ministairs_7
D:10:     minmay_the_grid_octo_tiled_squarecenter [minmay_the_grid_octo_chip,
          minmay_the_grid_octo_checkerflower, minmay_the_grid_octo_teeth,
          minmay_the_grid_octo_pinwheel,
          minmay_the_grid_square_5x5_megaprize_open,
          minmay_the_grid_square_5x5_shrine2,
          minmay_the_grid_square_5x5_bracketed,
          minmay_the_grid_square_5x5_gyroscope,
          minmay_the_grid_square_5x5_six_small], layout_small_grid,
          ploomutoo_gammafunk_ghost_potion_laboratory, minmay_misc_feat_rugged
Temple:   minmay_temple_bridge_d

Skill      XL: |  1  2  3  4  5  6  7  8  9 10 11 |
---------------+----------------------------------+-----
Necromancy     | 5 6 7 8 9 10 12 | 12.2
Fighting       | 2 4 6 |  6.0
Spellcasting   | 3 5 6 7 |  7.5
Conjurations   | 4 5 6 |  6.8
Earth Magic    | 3 5 |  5.8
Summonings     | 1 |  1.6
Dodging        | |  1.7
Stealth        | |  1.7

Action                     |  1- 3 |  4- 6 |  7- 9 | 10-12 || total
---------------------------+-------+-------+-------+-------++-------
  Melee: Unarmed           |     3 |       |       |       ||     3
         Spear             |    11 |    76 |   185 |       ||   272
         Headbutt          |       |     5 |    72 |    28 ||   105
         Rapier            |       |       |   190 |   127 ||   317
         Punch             |       |       |     6 |     2 ||     8
   Cast: Necrotise         |    62 |    48 |    95 |    26 ||   231
         Animate Dead      |       |       |    15 |     8 ||    23
         Borgnjor's Vile C |       |       |       |    11 ||    11
         Anguish           |       |       |       |     3 ||     3
 Invoke: Unearth Wretches  |       |       |     1 |       ||     1
    Use: Potion            |       |       |     6 |     3 ||     9
         Scroll            |       |       |     8 |       ||     8
   Stab: Sleeping          |     1 |       |     2 |     1 ||     4
         Paralysed         |     2 |     5 |     7 |    17 ||    31
         Distracted        |       |       |       |     1 ||     1
 Armour: Robe              |     8 |     9 |    50 |       ||    67
         Steam dragon scal |       |       |    12 |    47 ||    59
  Dodge: Dodged            |    15 |    45 |   185 |    80 ||   325
  Block: Other             |     1 |    12 |    62 |    23 ||    98

Table legend: (Time is in decaauts)
 A = Elapsed time spent in this place.
 B = Non-inter-level travel time spent in this place.
 C = Inter-level travel time spent in this place.
 D = Time resting spent in this place.
 E = Time spent auto-exploring this place.
 F = Levels seen in this place.
 G = Mean time per level.
                   A        B        C        D        E       F      G
               +--------+--------+--------+--------+--------+-----+--------+
         Total |  11229 |  10673 |    556 |    516 |   7608 |  12 |  935.8 |
       Dungeon |  10228 |   9774 |    454 |    171 |   7387 |  10 | 1022.8 |
        Temple |    182 |     80 |    102 |      0 |     73 |   1 |  182.0 |
       Ossuary |    818 |    818 |      0 |    345 |    148 |   1 |  818.0 |
               +--------+--------+--------+--------+--------+-----+--------+

Top non-repeatable levels by time:
     D:9: 1357 daAuts
     D:5: 1268 daAuts
     D:8: 1251 daAuts
     D:1: 1184 daAuts
     D:3: 1147 daAuts
     D:7: 1062 daAuts
     D:2: 951 daAuts
     D:6: 894 daAuts
     D:4: 841 daAuts
 Ossuary: 818 daAuts
    D:10: 266 daAuts
  Temple: 182 daAuts
